 Dungeon Crawl Stone Soup version 0.23.2-1-ga50397a (webtiles) character file.

Game seed: 500119193638457963

42 thriggle the Magician (level 3, -2/39 HPs)
             Began as a Demonspawn Wanderer on May 31, 2019.
             Slain by a gnoll
             ... wielding a +0 spear
              (3 damage)
             ... on level 1 of the Dungeon.
             The game lasted 00:05:03 (968 turns).

thriggle the Magician (Demonspawn Wanderer)          Turns: 968, Time: 00:05:04

Health: -2/39      AC:  2    Str: 16    XL:     3   Next: 35%
Magic:  14/16      EV: 11    Int: 13    God:
Gold:   23         SH:  0    Dex: 14    Spells: 7/8 levels left

rFire    . . .     SeeInvis .   a - +2 dagger
rCold    + . .     Gourm    .   (no shield)
rNeg     . . .     Faith    .   e - +0 robe
rPois    .         Spirit   .   (no helmet)
rElec    .         Reflect  .   (no cloak)
rCorr    .         Harm     .   (no gloves)
MR       .....                  (no boots)
Stlth    ..........             (no amulet)
HPRegen  0.13/turn              g - ring of magical power
MPRegen  0.15/turn              (no ring)

@: berserking, very quick
A: cold resistance 1, nightstalker 1
a: no special abilities


You were on level 1 of the Dungeon.
You were not hungry.

You visited 1 branch of the dungeon, and saw 1 of its levels.

You collected 23 gold pieces.

Inventory:

Hand Weapons
 a - a +2 dagger (weapon)
 c - a +0 falchion
Armour
 e - a +0 robe (worn)
Jewellery
 g - a ring of magical power (left hand)
Scrolls
 d - a scroll of fear {unknown}
 j - a scroll of identify {unknown}
Potions
 i - a potion of heal wounds {unknown}
Comestibles
 f - 2 rations
 h - 12 chunks of flesh


   Skills:
 + Level 1.2 Fighting
 + Level 1.1 Short Blades
 + Level 0.1 Dodging
 + Level 1.2 Stealth
   Level 1.0 Shields
 - Level 1.7 Unarmed Combat
 + Level 3.2 Spellcasting
   Level 1.0 Hexes
 + Level 1.6 Fire Magic
   Level 1.0 Evocations


You had 7 spell levels left.
You knew the following spells:

 Your Spells              Type           Power        Failure   Level  Hunger
a - Flame Tongue          Conj/Fire      #....        16%         1    #......

Your spell library contained the following spells:

 Spells                   Type           Power        Failure   Level  Hunger
 Conjure Flame            Conj/Fire      #.......     43%         3    ###....


Dungeon Overview and Level Annotations

Branches:
Dungeon (1/15)

Altars:


Innate Abilities, Weirdness & Mutations

Your flesh is cold resistant. (rC+)
You are slightly more attuned to the shadows.


Message History

Aim: a gnoll, wielding a +0 spear (heavily wounded)
The flame tongue hits the gnoll but does no damage.
The gnoll is heavily wounded.
The gnoll hits you with a +0 spear.
You hit the gnoll but do no damage.
The gnoll is heavily wounded.
The gnoll hits you with a +0 spear!
* * * LOW HITPOINT WARNING * * *
Casting: Flame Tongue (safe; 16% risk of failure)
Confirm with . or Enter, or press ? or * to list all spells.
Aiming: Flame Tongue (safe; 16% risk of failure)
Press: ? - help, Shift-Dir - straight line, f/p - gnoll
Aim: a gnoll, wielding a +0 spear (heavily wounded)
The flame tongue hits the gnoll but does no damage.
The gnoll is heavily wounded.
The gnoll closely misses you.
A red film seems to cover your vision as you go berserk!
You feel yourself moving faster!
You feel mighty! The gnoll hits you with a +0 spear.
You die...

#.# #.#.# #.#..#..
###.#####.# #.#.. #.#..##.
#.........#.
#.#######.#..#..
###.#.#######.#
#..)......####.⌠
..#.........#.##############
#.. #.#.#.#####.......# ###
#.#.#.....#.......# #(.
....#####.#......=# #.⌠
#.#.# #.#.....@g# #..
#.#.#####.#.#.##### ##'
#.#....##.#.#.# #.
#.####.##.#.#.# #. #.#
#÷##.#.#.# #. #.# #........#
#. # ######.#.# #. # #.#.#
## # #.#.#


You could see a gnoll.

Vanquished Creatures
  2 gnolls (D:1)
  2 giant cockroaches (D:1)
  6 hobgoblins (D:1)
  2 jackals (D:1)
  4 bats (D:1)
  A frilled lizard (D:1)
  2 kobolds (D:1)
  2 rats (D:1)
21 creatures vanquished.

Notes
Turn   | Place    | Note
-------+----------+-------------------------------------------
     0 | D:1      | thriggle the Demonspawn Wanderer began the quest for the
                  | Orb.
     0 | D:1      | thriggle set off with the following items: a +2 dagger, a
                  | potion of berserk rage, a +0 falchion, a +0 robe, a ration;
                  | and the following spell memorised: Flame Tongue; and the
                  | following spells available to memorise: Conjure Flame
     0 | D:1      | Reached XP level 1. HP: 13/13 MP: 4/4
   138 | D:1      | Gained mutation: You are slightly more attuned to the
                  | shadows. [demonic ancestry]
   138 | D:1      | Reached XP level 2. HP: 19/20 MP: 6/6
   185 | D:1      | Reached skill level 1 in Fighting
   498 | D:1      | Reached skill level 1 in Short Blades
   576 | D:1      | Gained mutation: Your flesh is cold resistant. (rC+)
                  | [demonic ancestry]
   576 | D:1      | Reached XP level 3. HP: 26/26 MP: 7/7
   966 | D:1      | HP: 1/26 [gnoll/+0 spear (9)]
   968 | D:1      | Slain by a gnoll

Skill      XL: |  1  2 |
---------------+-------+-----
Fighting       | 1 |  1.2
Short Blades   | 1 |  1.1
Dodging        | |  0.1
Stealth        | |  1.2
Shields        | |  1.0
Unarmed Combat | |  1.7
Spellcasting   | |  3.2
Hexes          | |  1.0
Fire Magic     | |  1.6
Evocations     | |  1.0

Action                   || total
-------------------------++-------
Melee: Dagger            ||    61
 Cast: Flame Tongue      ||    13
  Use: Potion            ||     1
 Stab: Sleeping          ||     8
Armor: Robe              ||    18
Dodge: Dodged            ||    41
